[ AOE2 MATCH · #495257062 ]
UnrankedVikings vs Wei
Player's team · LOSS
Rival team · WIN
[ REPLAY ANALYSIS · EXTRACTED FROM THE RECORDED GAME ]
Feudal
11:25
Castle
21:45
Imperial
48:23
| APM avg | 27.9 |
| APM peak | 61 |
| eAPM avg | 19.2 |
| Villagers / military | 195 / 520 |
Focus
⚔️ 33.9% · 🌾 66.1%
Spearman ×220 · Skirmisher ×135 · Knight ×108 · Scout Cavalry ×51 · Monk ×4 · Trebuchet (Packed) ×2
Feudal
9:49
Castle
20:24
Imperial
44:19
| APM avg | 63.5 |
| APM peak | 89 |
| eAPM avg | 33.1 |
| Villagers / military | 206 / 14 |
Focus
⚔️ 33.0% · 🌾 67.0%
Unknown (1944) ×97 · Unknown (1952) ×63 · Unknown (1942) ×32 · Unknown (1949) ×21 · Scout Cavalry ×10 · Monk ×3
Match map
Initial resources + every placement click. Lines = walls · curves = elevation contours. ◆ gold · ⬟ stone · ● berries · ✦ relic · ◌ wall gap
Your base· Open — opponent sealed themselves in
PedroAOE's base· ✓ Closed at 20:24 · 43t walls · no gate
Smoothed initial terrain · ◌ = detected wall gap · hover for details
Inputs per minute
— ATM_おれあぽ - - PedroAOE
Build order — ATM_おれあぽ
First 150 of 581 actions detected
| 0:01 | Queue | Villager (Male) |
| 0:01 | Queue | Villager (Male) |
| 0:03 | Build | House |
| 0:04 | Build | House |
| 0:22 | Queue | Villager (Male) |
| 0:33 | Queue | Villager (Male) |
| 0:33 | Queue | Villager (Male) |
| 1:30 | Queue | Villager (Male) |
| 1:50 | Build | Lumber Camp |
| 2:01 | Queue | Villager (Male) |
| 2:17 | Queue | Villager (Male) |
| 2:18 | Queue | Villager (Male) |
| 2:40 | Queue | Villager (Male) |
| 3:38 | Queue | Villager (Male) |
| 4:00 | Build | House |
| 4:00 | Build | House |
| 4:12 | Queue | Villager (Male) |
| 4:13 | Queue | Villager (Male) |
| 4:13 | Queue | Villager (Male) |
| 4:26 | Queue | Villager (Male) |
| 5:06 | Queue | Villager (Male) |
| 5:15 | Queue | Villager (Male) |
| 6:06 | Queue | Villager (Male) |
| 6:30 | Queue | Villager (Male) |
| 7:14 | Queue | Villager (Male) |
| 7:14 | Queue | Villager (Male) |
| 7:19 | Research | Loom |
| 8:20 | Queue | Villager (Male) |
| 8:28 | Build | Mill |
| 8:30 | Queue | Villager (Male) |
| 8:36 | Queue | Villager (Male) |
| 8:52 | Queue | Villager (Male) |
| 8:56 | Queue | Villager (Male) |
| 9:12 | Research | Feudal Age |
| 9:25 | Queue | Villager (Male) |
| 9:45 | Build | Palisade Wall |
| 9:47 | Queue | Villager (Male) |
| 10:03 | Build | Palisade Wall |
| 10:10 | Build | Barracks |
| 10:12 | Queue | Villager (Male) |
| 10:32 | Build | House |
| 10:35 | Build | House |
| 10:48 | Build | House |
| 11:03 | Queue | Villager (Male) |
| 11:25 | Age | Feudal Age |
| 11:26 | Research | Double-Bit Axe |
| 11:28 | Research | Horse Collar |
| 11:33 | Build | Stable |
| 11:46 | Build | House |
| 11:48 | Queue | Villager (Male) |
| 12:00 | Build | Mining Camp |
| 12:02 | Queue | Villager (Male) |
| 12:03 | Queue | Villager (Male) |
| 12:09 | Build | Farm |
| 12:10 | Build | Farm |
| 12:10 | Build | Farm |
| 12:19 | Queue | Villager (Male) |
| 12:25 | Queue | Villager (Male) |
| 12:31 | Build | Farm |
| 12:40 | Queue | Scout Cavalry |
| 12:41 | Queue | Scout Cavalry |
| 12:41 | Queue | Scout Cavalry |
| 13:04 | Build | Farm |
| 13:04 | Build | Farm |
| 13:05 | Build | Farm |
| 13:11 | Build | Farm |
| 13:35 | Build | Blacksmith |
| 13:40 | Queue | Villager (Male) |
| 13:40 | Queue | Villager (Male) |
| 14:01 | Queue | Spearman |
| 14:28 | Queue | Villager (Male) |
| 14:31 | Build | House |
| 14:35 | Build | House |
| 14:36 | Queue | Villager (Male) |
| 14:57 | Build | House |
| 15:00 | Build | House |
| 15:09 | Build | Palisade Gate |
| 15:14 | Queue | Scout Cavalry |
| 15:20 | Queue | Spearman |
| 15:28 | Queue | Villager (Male) |
| 15:36 | Build | Farm |
| 15:36 | Build | Farm |
| 15:36 | Build | Farm |
| 15:41 | Build | Farm |
| 16:08 | Queue | Villager (Male) |
| 16:10 | Queue | Villager (Male) |
| 16:20 | Build | Farm |
| 16:21 | Queue | Villager (Male) |
| 16:28 | Build | Mill |
| 16:33 | Queue | Villager (Male) |
| 16:38 | Build | Farm |
| 16:38 | Build | Farm |
| 16:40 | Queue | Villager (Male) |
| 17:14 | Queue | Villager (Male) |
| 17:20 | Build | House |
| 17:21 | Build | House |
| 17:37 | Build | Market |
| 17:39 | Queue | Villager (Male) |
| 17:44 | Queue | Villager (Male) |
| 17:55 | Build | Market |
| 18:12 | Build | Palisade Gate |
| 18:16 | Build | House |
| 18:21 | Queue | Villager (Male) |
| 18:36 | Build | Farm |
| 18:36 | Build | Farm |
| 19:05 | Research | Castle Age |
| 19:16 | Build | House |
| 19:18 | Build | House |
| 19:19 | Build | House |
| 19:44 | Build | Farm |
| 19:44 | Build | Farm |
| 19:52 | Build | Stable |
| 19:58 | Queue | Villager (Male) |
| 20:06 | Research | Gold Mining |
| 20:09 | Queue | Villager (Male) |
| 20:50 | Build | Farm |
| 21:07 | Build | Farm |
| 21:45 | Age | Castle Age |
| 21:48 | Build | Town Center |
| 22:13 | Queue | Spearman |
| 22:18 | Queue | Knight ×5 |
| 22:18 | Queue | Knight ×5 |
| 22:18 | Queue | Knight ×2 |
| 22:35 | Queue | Villager (Male) |
| 22:40 | Queue | Villager (Male) |
| 23:22 | Build | Town Center |
| 23:37 | Research | Scale Barding Armor |
| 23:42 | Queue | Knight |
| 23:42 | Queue | Knight |
| 23:43 | Queue | Villager (Male) |
| 23:43 | Queue | Villager (Male) |
| 23:43 | Queue | Villager (Male) |
| 23:43 | Queue | Villager (Male) |
| 23:44 | Queue | Villager (Male) |
| 23:44 | Queue | Villager (Male) |
| 23:46 | Build | Farm |
| 23:46 | Build | Farm |
| 23:49 | Queue | Villager (Male) |
| 23:49 | Queue | Villager (Male) |
| 23:49 | Queue | Villager (Male) |
| 23:55 | Queue | Villager (Male) |
| 23:55 | Queue | Villager (Male) |
| 24:00 | Queue | Villager (Male) |
| 24:06 | Queue | Villager (Male) |
| 24:06 | Queue | Villager (Male) |
| 24:07 | Queue | Villager (Male) |
| 24:07 | Queue | Villager (Male) |
| 24:10 | Queue | Villager (Male) |
| 24:18 | Queue | Villager (Male) |
| 24:18 | Queue | Villager (Male) |
Build order — PedroAOE
First 150 of 701 actions detected
| 0:01 | Queue | Villager (Male) |
| 0:01 | Queue | Villager (Male) |
| 0:01 | Queue | Villager (Male) |
| 0:02 | Build | House |
| 0:04 | Build | House |
| 0:07 | Queue | Villager (Male) |
| 1:25 | Queue | Villager (Male) |
| 1:25 | Queue | Villager (Male) |
| 1:51 | Build | Lumber Camp |
| 1:56 | Build | Lumber Camp |
| 2:03 | Queue | Villager (Male) |
| 2:18 | Queue | Villager (Male) |
| 2:18 | Queue | Villager (Male) |
| 2:18 | Queue | Villager (Male) |
| 2:49 | Build | House |
| 2:50 | Build | Palisade Wall |
| 2:55 | Queue | Villager (Male) |
| 3:35 | Queue | Villager (Male) |
| 3:36 | Queue | Villager (Male) |
| 3:59 | Queue | Villager (Male) |
| 4:57 | Queue | Villager (Male) |
| 5:06 | Build | Mill |
| 5:28 | Queue | Villager (Male) |
| 5:37 | Queue | Villager (Male) |
| 6:01 | Queue | Villager (Male) |
| 6:12 | Queue | Villager (Male) |
| 6:45 | Research | Loom |
| 7:07 | Build | Mill |
| 7:12 | Research | Feudal Age |
| 7:12 | Research | Feudal Age |
| 7:14 | Research | Loom |
| 7:15 | Queue | Villager (Male) |
| 7:20 | Research | Feudal Age |
| 7:50 | Build | House |
| 7:54 | Build | Palisade Wall |
| 7:55 | Build | Palisade Wall |
| 9:09 | Build | Barracks |
| 9:23 | Queue | Villager (Male) |
| 9:23 | Queue | Villager (Male) |
| 9:48 | Build | House |
| 9:49 | Age | Feudal Age |
| 9:52 | Research | Double-Bit Axe |
| 9:53 | Research | Horse Collar |
| 9:53 | Research | Horse Collar |
| 9:54 | Queue | Villager (Male) |
| 10:01 | Queue | Villager (Male) |
| 10:09 | Build | Palisade Wall |
| 10:12 | Queue | Villager (Male) |
| 10:45 | Build | Stable |
| 10:45 | Queue | Villager (Male) |
| 10:48 | Build | House |
| 10:55 | Queue | Villager (Male) |
| 11:18 | Build | House |
| 11:19 | Build | Palisade Wall |
| 11:30 | Build | Farm |
| 11:47 | Queue | Scout Cavalry |
| 11:47 | Queue | Scout Cavalry |
| 11:56 | Build | Farm |
| 11:59 | Build | Farm |
| 12:08 | Build | House |
| 12:11 | Queue | Scout Cavalry |
| 12:20 | Build | Farm |
| 12:23 | Build | Farm |
| 12:24 | Queue | Villager (Male) |
| 12:38 | Build | Farm |
| 12:59 | Build | House |
| 13:01 | Build | Palisade Wall |
| 13:11 | Build | Farm |
| 13:17 | Build | Farm |
| 13:19 | Build | Farm |
| 13:34 | Build | Farm |
| 13:40 | Queue | Villager (Male) |
| 13:46 | Build | House |
| 14:14 | Build | Mining Camp |
| 14:19 | Build | Mining Camp |
| 14:21 | Queue | Villager (Male) |
| 14:26 | Queue | Villager (Male) |
| 14:31 | Build | Palisade Wall |
| 14:33 | Build | Palisade Wall |
| 14:34 | Build | Palisade Wall |
| 14:38 | Queue | Scout Cavalry |
| 14:44 | Queue | Spearman |
| 14:47 | Research | Wheelbarrow |
| 14:49 | Queue | Villager (Male) |
| 14:54 | Queue | Villager (Male) |
| 15:04 | Queue | Scout Cavalry |
| 15:29 | Queue | Villager (Male) |
| 15:37 | Queue | Villager (Male) |
| 15:49 | Queue | Villager (Male) |
| 15:51 | Queue | Villager (Male) |
| 15:51 | Queue | Villager (Male) |
| 16:04 | Queue | Villager (Male) |
| 16:06 | Build | Farm |
| 16:07 | Build | Farm |
| 16:09 | Build | Farm |
| 16:12 | Build | Farm |
| 16:13 | Queue | Villager (Male) |
| 16:16 | Build | Blacksmith |
| 16:18 | Build | House |
| 16:19 | Build | Palisade Wall |
| 16:24 | Build | Palisade Wall |
| 16:25 | Build | Palisade Wall |
| 16:26 | Build | Palisade Wall |
| 16:33 | Queue | Villager (Male) |
| 16:39 | Queue | Villager (Male) |
| 16:59 | Build | Lumber Camp |
| 17:01 | Queue | Villager (Male) |
| 17:05 | Queue | Villager (Male) |
| 17:44 | Research | Castle Age |
| 17:44 | Research | Castle Age |
| 18:09 | Research | Fletching |
| 18:09 | Research | Fletching |
| 18:09 | Research | Padded Archer Armor |
| 18:15 | Build | Archery Range |
| 18:44 | Research | Bloodlines |
| 18:45 | Research | Bloodlines |
| 18:50 | Build | Archery Range |
| 19:26 | Build | Archery Range |
| 19:51 | Research | Padded Archer Armor |
| 20:24 | Age | Castle Age |
| 20:26 | Queue | Unit 1952 |
| 20:26 | Queue | Unit 1952 |
| 20:27 | Queue | Unit 1952 |
| 20:27 | Queue | Unit 1952 |
| 20:34 | Build | University |
| 20:36 | Queue | Villager (Male) |
| 20:42 | Build | Palisade Gate |
| 20:47 | Research | Light Cavalry (upgrade) |
| 20:56 | Queue | Villager (Male) |
| 20:58 | Build | Lumber Camp |
| 21:11 | Queue | Unit 1952 |
| 21:11 | Queue | Unit 1952 |
| 21:12 | Queue | Villager (Male) |
| 21:13 | Queue | Unit 1952 |
| 21:13 | Queue | Unit 1952 |
| 21:14 | Queue | Unit 1952 |
| 21:33 | Queue | Villager (Male) |
| 21:37 | Queue | Villager (Male) |
| 22:02 | Research | Bodkin Arrow |
| 22:02 | Research | Bodkin Arrow |
| 22:29 | Build | Outpost |
| 22:31 | Queue | Villager (Male) |
| 22:39 | Research | Ballistics |
| 22:39 | Research | Ballistics |
| 22:42 | Queue | Villager (Male) |
| 22:44 | Queue | Villager (Male) |
| 22:54 | Build | Monastery |
| 23:00 | Queue | Unit 1952 |
| 23:01 | Queue | Unit 1952 |
| 23:01 | Queue | Unit 1952 |
Match timeline
| 2:50 | PedroAOE · wall_segment Palisade Wall x3 |
| 7:54 | PedroAOE · wall_segment Palisade Wall x5 |
| 7:55 | PedroAOE · wall_segment Palisade Wall x3 |
| 9:09 | PedroAOE · first_building Barracks |
| 9:45 | ATM_おれあぽ · wall_segment Palisade Wall x7 |
| 9:49 | PedroAOE · age_up feudal |
| 10:03 | ATM_おれあぽ · wall_segment Palisade Wall x12 |
| 10:09 | PedroAOE · wall_segment Palisade Wall x4 |
| 10:10 | ATM_おれあぽ · first_building Barracks |
| 10:45 | PedroAOE · first_building Stable |
| 11:19 | PedroAOE · wall_segment Palisade Wall x1 |
| 11:25 | ATM_おれあぽ · age_up feudal |
| 11:33 | ATM_おれあぽ · first_building Stable |
| 13:01 | PedroAOE · wall_segment Palisade Wall x6 |
| 14:31 | PedroAOE · wall_segment Palisade Wall x5 |
| 14:33 | PedroAOE · wall_segment Palisade Wall x9 |
| 14:34 | PedroAOE · wall_segment Palisade Wall x1 |
| 16:19 | PedroAOE · wall_segment Palisade Wall x3 |
| 16:24 | PedroAOE · wall_segment Palisade Wall x1 |
| 16:25 | PedroAOE · wall_segment Palisade Wall x1 |
| 16:26 | PedroAOE · wall_segment Palisade Wall x1 |
| 18:15 | PedroAOE · first_building Archery Range |
| 20:24 | PedroAOE · age_up castle |
| 21:45 | ATM_おれあぽ · age_up castle |
| 22:54 | PedroAOE · first_building Monastery |
| 27:17 | ATM_おれあぽ · first_building Archery Range |
| 27:48 | ATM_おれあぽ · first_building Monastery |
| 28:44 | ATM_おれあぽ · first_market_buy 100 wood |
| 31:19 | ATM_おれあぽ · first_building Castle |
| 32:01 | PedroAOE · first_market_buy 100 food |
| 33:49 | PedroAOE · first_market_sell 100 wood |
| 41:57 | PedroAOE · first_building Castle |
| 42:17 | PedroAOE · first_building Siege Workshop |
| 44:19 | PedroAOE · age_up imperial |
| 48:23 | ATM_おれあぽ · age_up imperial |
| 53:04 | ATM_おれあぽ · first_market_sell 100 stone |
[ AI ANALYSIS · 1 CREDIT ]
What really happened in this match?
Wolo.gg analyzes every decision: build order, eco, micro, common mistakes by bracket. Personalized analysis on WhatsApp or Discord in 30 seconds.
Civ guide
Vikings
Perfil
Jugador #10449639